 Dungeon Crawl Stone Soup version 0.30.0-20-g3615ddf2f0 (webtiles) character file.

Game seed: 9139999884760722952

611 qw the Thrower (level 7, 0/42 HPs)
             Began as a Gargoyle Fighter on May 27, 2023.
             Slain by Edmund
             ... wielding a +0 dire flail of holy wrath
              (8 damage)
             ... on level 4 of the Dungeon.
             The game lasted 00:01:16 (2577 turns).

qw the Thrower (Gargoyle Fighter)                   Turns: 2577, Time: 00:01:16

Health: 0/42       AC: 16    Str: 21    XL:     7   Next: 43%
Magic:  7/7        EV: 10    Int:  9    God:
Gold:   122        SH:  5    Dex: 15    Spells: 6/6 levels left

rFire   . . .        Y - +0 war axe (heavy)
rCold   . . .        c - +0 buckler
rNeg    + . .        b - +0 scale mail
rPois   inf          h - +1 helmet
rElec   +            (no cloak)
rCorr   .            (no gloves)
SInv    .            a - +2 pair of boots
Will    .....        (no amulet) Stlth
                     r - +6 ring of dexterity
HPRegen 0.27/turn    (no ring)
MPRegen 0.10/turn

%: no passive effects
@: no status effects
A: sickness immunity, AC +4, negative energy resistance 1, electricity
resistance, torment resistance 1, petrification resistance
a: no special abilities


You were on level 4 of the Dungeon.
You visited 1 branch of the dungeon, and saw 4 of its levels.

You collected 122 gold pieces.


Innate Abilities, Weirdness & Mutations

You are immune to sickness and miasma.
Your stone body is resilient. (AC +4)
You are immune to poison.
You resist negative energy. (rN+)
You are resistant to electric shocks. (rElec)
You are resistant to unholy torment.
You are immune to petrification.


   Skills:
 + Level 3.8 Fighting
 - Level 5.1 Axes
 - Level 11.0 Throwing
 - Level 3.2 Armour
 - Level 1.4 Dodging
 - Level 3.2 Shields


You had 6 spell levels left.
You didn't know any spells.
Your spell library was empty.

Inventory:

Hand Weapons
 f - a +0 flail
 Y - a +0 heavy war axe (weapon)
Missiles
 k - 4 boomerangs (quivered)
Armour
 a - a +2 pair of boots (worn)
 b - a +0 scale mail (worn)
 c - a +0 buckler (worn)
 h - a +1 helmet (worn)
Jewellery
 r - a +6 ring of dexterity (left hand)
Scrolls
 e - a scroll of identify
Potions
 d - 3 potions of might
 g - 2 potions of heal wounds
 l - a potion of ambrosia {unknown}
 m - a potion of attraction {unknown}
 n - a potion of flight {unknown}
 q - a potion of curing {unknown}

Dungeon Overview and Level Annotations

Branches:
Dungeon (4/15)
 Temple: D:4-7

Altars:

Annotations:
D:3 1 runed translucent door, qw's ghost, amateur GrFi
D:4 Edmund


Message History

Edmund hits you but does no damage. The orc hits you but does no damage.
You slice Edmund!!
Edmund is heavily wounded.
You block Edmund's attack. You block the orc's attack.
You block Edmund's attack. The orc hits you but does no damage.
You hit Edmund but do no damage.
Edmund is heavily wounded.
Edmund hits you but does no damage. The orc closely misses you.
You block Edmund's attack. The orc barely misses you.
You hit Edmund.
Edmund is severely wounded.
The orc hits you from afar with a +0 trident.
You block Edmund's attack. The orc hits you but does no damage.
You block Edmund's attack.
You hit Edmund.
Edmund is severely wounded.
A jackal comes into view.
Edmund hits you but does no damage. The orc barely misses you.
You barely miss Edmund.
Edmund is severely wounded.
The jackal barks!
Edmund hits you with a +0 dire flail of holy wrath.
The orc hits you but does no damage.
Edmund hits you with a +0 dire flail of holy wrath.
The orc barely misses you.
You hit Edmund.
Edmund is severely wounded.
A jackal comes into view.
Edmund hits you but does no damage. The orc misses you.
Edmund hits you with a +0 dire flail of holy wrath!
The orc barely misses you. The jackal barely misses you.
You barely miss Edmund.
Edmund is severely wounded.
The jackal barks!
You hit the jackal but do no damage.
The jackal bites you but does no damage.
Edmund hits you with a +0 dire flail of holy wrath.
The orc hits you but does no damage. The jackal barely misses you.
Edmund hits you with a +0 dire flail of holy wrath!
You die...

## ##.# ## ##### #...#
##.### #...## ....
#....## ##....#...#
......# ##....##..##.#
#....######...#.........
.##...##.##..##.@@.....#
..%...##..#..##..ho...##
%..##.......##.....%....
...####.##..###.........
..## ##.###..##.....h>..
.### #...##..#........(.
...###......###...#.....
....###....## ##..#....#
.....##.#.##


You could see Edmund, an orc and 2 jackals.

Vanquished Creatures
  2 ogres (D:4)
  Blork the orc (D:4)
  A scorpion (D:4)
  An iguana (D:4)
  4 gnolls (D:3)
  5 adders
  2 dart slugs (D:1)
  An orc (D:3)
  9 endoplasms
  2 giant cockroaches
  6 goblins
  11 hobgoblins
  2 quokkas
  8 ball pythons
  3 bats
  4 frilled lizards
  5 kobolds
  5 rats
72 creatures vanquished.

Notes
Turn   | Place    | Note
-------+----------+-------------------------------------------
     0 | D:1      | qw the Gargoyle Fighter began the quest for the Orb.
     0 | D:1      | Reached XP level 1. HP: 14/14 MP: 1/1
     0 | D:1      | 0 ||| qw: Version: 0.2-a-99-gce666ed
     0 | D:1      | 0 ||| qw: Game counter: 162
     0 | D:1      | 0 ||| qw: Always use a shield: true
     0 | D:1      | 0 ||| qw: God list: Okawaru
     0 | D:1      | 0 ||| qw: Allow faded altars: false
     0 | D:1      | 0 ||| qw: Do Orc after D:15 true
     0 | D:1      | 0 ||| qw: Do second Lair branch before Depths: true
     0 | D:1      | 0 ||| qw: Lair rune preference: random
     0 | D:1      | 0 ||| qw: Plans: Normal, Zot:1-4, God:TSO, Crypt, Tomb,
                  | Pan, Slime:5, Hells, Abyss, Win
     0 | D:1      | 0 ||| PLANNING D:1-11
   100 | D:1      | 100 ||| Stepping ~*~*~tactically~*~*~ (hiding).
   230 | D:1      | Reached XP level 2. HP: 13/19 MP: 2/2
   270 | D:1      | 270 ||| Stepping ~*~*~tactically~*~*~ (stealth).
   472 | D:1      | Reached skill level 3 in Axes
   598 | D:1      | 598 ||| UPGRADING to +0 helmet.
   603 | D:1      | 603 ||| READING scroll labelled RILAOSEEPS.
   649 | D:2      | Reached XP level 3. HP: 22/23 MP: 3/3
   951 | D:2      | Reached XP level 4. HP: 28/28 MP: 4/4
   990 | D:2      | 990 ||| Stepping ~*~*~tactically~*~*~ (stealth).
  1114 | D:2      | 1114 ||| Stepping ~*~*~tactically~*~*~ (hiding).
  1336 | D:2      | 1336 ||| READING scroll of enchant armour.
  1336 | D:2      | 1336 ||| ENCHANTING +0 helmet.
  1576 | D:2      | 1576 ||| UPGRADING to +2 pair of boots.
  1581 | D:2      | 1581 ||| READING scroll labelled ZUOROEVVYAGH.
  1582 | D:2      | 1582 ||| READING scroll labelled CEUTHI MUSO.
  1583 | D:2      | 1583 ||| READING scroll labelled LESCHU VUAMAIMM.
  1608 | D:3      | 1608 ||| Stepping ~*~*~tactically~*~*~ (hiding).
  1628 | D:3      | 1628 ||| Stepping ~*~*~tactically~*~*~ (hiding).
  1630 | D:3      | 1630 ||| Stepping ~*~*~tactically~*~*~ (hiding).
  1632 | D:3      | 1632 ||| Stepping ~*~*~tactically~*~*~ (hiding).
  1633 | D:3      | 1633 ||| Stepping ~*~*~tactically~*~*~ (hiding).
  1645 | D:3      | Reached XP level 5. HP: 15/32 MP: 5/5
  1789 | D:3      | 1789 ||| Stepping ~*~*~tactically~*~*~ (stealth).
  1875 | D:3      | Noticed qw's ghost (amateur GrFi)
  1923 | D:3      | 1923 ||| Stepping ~*~*~tactically~*~*~ (stealth).
  2198 | D:3      | Found a runed translucent door.
  2420 | D:3      | 2420 ||| UPGRADING to +6 ring of dexterity.
  2421 | D:3      | 2421 ||| READING 5 scrolls labelled LORELI WOIM.
  2422 | D:3      | 2422 ||| READING 2 scrolls labelled KAWISK MEKOZO.
  2423 | D:3      | 2423 ||| READING 4 scrolls of identify.
  2423 | D:3      | 2423 ||| IDENTIFYING grey potion
  2424 | D:3      | 2424 ||| READING 3 scrolls of identify.
  2424 | D:3      | 2424 ||| IDENTIFYING metallic cyan potion
  2425 | D:3      | 2425 ||| DRINKING potion of experience.
  2425 | D:3      | Reached skill level 11 in Throwing
  2425 | D:3      | Reached XP level 6. HP: 37/37 MP: 6/6
  2426 | D:3      | 2426 ||| READING 2 scrolls of identify.
  2426 | D:3      | 2426 ||| IDENTIFYING inky potion
  2427 | D:3      | 2427 ||| DROPPING potion of brilliance.
  2428 | D:3      | 2428 ||| DROPPING scroll of poison.
  2449 | D:4      | Noticed Blork the orc
  2455 | D:4      | Killed Blork the orc
  2502 | D:4      | Reached skill level 1 in Dodging
  2560 | D:4      | Reached XP level 7. HP: 41/41 MP: 7/7
  2564 | D:4      | Noticed Edmund
  2577 | D:4      | HP: 8/42 [Edmund/+0 dire flail of holy wrath (3)]
  2577 | D:4      | Slain by Edmund

Levels and vault maps discovered:
D:1:      ebering_trefoil_twist, layout_basic, glass_columns_c,
          minmay_misc_feat_chi
D:2:      layout_basic
D:3:      layout_loops_ring, hellmonk_ghost_happy_afterlife,
          minmay_pentomino_pile
D:4:      layout_cave_pools, uniq_eustachio, uniq_menkaure, uniq_blork_the_orc,
          uniq_edmund

Skill      XL: |  1  2  3  4  5  6  7 |
---------------+----------------------+-----
Axes           | 2 3 4 5 |  5.1
Throwing       | 11 | 11.0
Dodging        | 1 |  1.4
Fighting       | |  3.8
Armour         | |  3.2
Shields        | |  3.2

Action                     |  1- 3 |  4- 6 |  7- 9 || total
---------------------------+-------+-------+-------++-------
  Melee: War axe           |    99 |    66 |    11 ||   176
  Throw: Boomerang         |       |    19 |     5 ||    24
         Javelin           |       |     6 |       ||     6
    Use: Scroll            |     1 |     9 |       ||    10
         Potion            |       |     1 |       ||     1
 Armour: Scale mail        |    42 |    37 |    13 ||    92
  Dodge: Dodged            |    37 |    32 |    15 ||    84
  Block: Buckler           |    27 |    14 |     8 ||    49

Table legend:
 A = Non-vault XP
 B = Vault XP
 C = Vault XP percentage of total XP
 D = Non-vault monster count
 E = Vault monster count
 F = Vault count percentage of total count
                 A         B        C        D         E       F
            +---------+---------+-------+---------+---------+-------
      Total |     587 |      91 |  13.4 |      68 |       4 |   5.6
            +---------+---------+-------+---------+---------+-------
        D:1 |      33 |       0 |   0.0 |      17 |       0 |   0.0
        D:2 |      78 |       0 |   0.0 |      26 |       0 |   0.0
        D:3 |      92 |       6 |   6.1 |      18 |       3 |  14.3
        D:4 |     384 |      85 |  18.1 |       7 |       1 |  12.5
            +---------+---------+-------+---------+---------+-------
